| TOP OF THE 1ST |
|
York Revolution batting - Pitching for Paris Cubs : LHP Noah Hornby
|
|
Pitching: LHP Noah Hornby
|
|
|
Batting: LHB Jonathan Roman
|
0-0: Called Strike 0-1: Foul Ball, location: 2F 0-2: Ball 1-2: Ball 2-2: Ground out 4-3 (Groundball, 4, EV 87.5 MPH)
|
|
Batting: RHB Juan Valadez
|
0-0: Ball 1-0: Called Strike 1-1: Called Strike 1-2: Strikes out swinging
|
|
Batting: RHB Jose Corral
|
0-0: Ball 1-0: Ball 2-0: Ball 3-0: Foul Ball, location: 2F 3-1: Swinging Strike 3-2: Strikes out swinging
|
| Top of the 1st over - 0 runs, 0 hits, 0 errors, 0 left on base; York 0 - Paris 0 |
| BOTTOM OF THE 1ST |
|
Paris Cubs batting - Pitching for York Revolution : RHP Lida Sestak
|
|
Pitching: RHP Lida Sestak
|
|
|
Batting: SHB Jim Lloyd
|
0-0: Called Strike 0-1: Fly out, F7 (Flyball, 78S, EV 86.9 MPH)
|
|
Batting: RHB Dave de Wolff
|
0-0: Ground out 1-3 (Groundball, 23, EV 67.5 MPH)
|
|
Batting: RHB Jorge Lagunas
|
0-0: Ball 1-0: SOLO HOME RUN (Flyball, 8RXD, EV 108.8 MPH), Distance : 439 ft
|
|
Batting: RHB Bartolo Aguilar
|
0-0: Called Strike 0-1: Ball 1-1: Foul Ball, location: 2F 1-2: Strikes out swinging
|
| Bottom of the 1st over - 1 run, 1 hit, 0 errors, 0 left on base; York 0 - Paris 1 |
| TOP OF THE 2ND |
|
York Revolution batting - Pitching for Paris Cubs : LHP Noah Hornby
|
|
Batting: LHB Eric Farren
|
0-0: Called Strike 0-1: Ground out 6-3 (Groundball, P, EV 90.6 MPH)
|
|
Batting: RHB Eddie Serna
|
0-0: Foul Ball, location: 2F 0-1: Foul Ball, location: 2F 0-2: Ball 1-2: Strikes out swinging
|
|
Batting: RHB Dave Gallegos
|
0-0: Called Strike 0-1: SINGLE (Groundball, 56S, EV 64.4 MPH) (infield hit)
|
|
Batting: RHB Ivan Barrientos
|
0-0: Ball 1-0: Foul Ball, location: 2F 1-1: Swinging Strike 1-2: Ground out 4-3 (Groundball, 34S, EV 85.6 MPH)
|
| Top of the 2nd over - 0 runs, 1 hit, 0 errors, 1 left on base; York 0 - Paris 1 |
| BOTTOM OF THE 2ND |
|
Paris Cubs batting - Pitching for York Revolution : RHP Lida Sestak
|
|
Batting: RHB Dan Orozco
|
0-0: Called Strike 0-1: Ball 1-1: Foul Ball, location: 2F 1-2: Strikes out swinging
|
|
Batting: RHB Mike Stein
|
0-0: Called Strike 0-1: SINGLE (Groundball, 56D, EV 98.8 MPH)
|
|
Batting: RHB Steve Vint
|
0-0: Reached on error, E1 (Groundball, 15, EV 43.8 MPH) Mike Stein to third
|
|
Batting: RHB Jorge Gonzalez
|
0-0: Ground out 6-3 (Groundball, 6, EV 84.4 MPH) Mike Stein scores
|
|
Batting: RHB Willie Rubio
|
0-0: Ground out 6-3 (Groundball, 6, EV 88.1 MPH)
|
| Bottom of the 2nd over - 1 run, 1 hit, 1 error, 1 left on base; York 0 - Paris 2 |
| TOP OF THE 3RD |
|
York Revolution batting - Pitching for Paris Cubs : LHP Noah Hornby
|
|
Batting: RHB Joel Gomez
|
0-0: Ball 1-0: SINGLE (Groundball, 6MD, EV 94.4 MPH)
|
|
Batting: RHB Alexis Graciani
|
0-0: Ball 1-0: Called Strike 1-1: Foul Ball, location: 2F 1-2: Ball 2-2: Strikes out looking
|
|
Batting: LHB Jonathan Roman
|
Pickoff Throw to First - Out! 1-3 0-0: Ball 1-0: Ground out 1-3 (Groundball, 13, EV 69.4 MPH)
|
| Top of the 3rd over - 0 runs, 1 hit, 0 errors, 0 left on base; York 0 - Paris 2 |
| BOTTOM OF THE 3RD |
|
Paris Cubs batting - Pitching for York Revolution : RHP Lida Sestak
|
|
Batting: SHB Jim Lloyd
|
0-0: Ball 1-0: Fly out, F1 (Popup, 15, EV 75.6 MPH)
|
|
Batting: RHB Dave de Wolff
|
0-0: Ball 1-0: SINGLE (Groundball, 6MD, EV 95.0 MPH)
|
|
Batting: RHB Jorge Lagunas
|
0-0: Ball 1-0: SINGLE (Line Drive, 34D, EV 97.5 MPH) Dave de Wolff to second
|
|
Batting: RHB Bartolo Aguilar
|
0-0: Ball 1-0: Swinging Strike 1-1: Swinging Strike 1-2: Ball 2-2: Strikes out swinging
|
|
Batting: RHB Dan Orozco
|
0-0: Called Strike 0-1: Ball 1-1: Called Strike 1-2: Strikes out swinging
|
| Bottom of the 3rd over - 0 runs, 2 hits, 0 errors, 2 left on base; York 0 - Paris 2 |
| TOP OF THE 4TH |
|
York Revolution batting - Pitching for Paris Cubs : LHP Noah Hornby
|
|
Batting: RHB Juan Valadez
|
0-0: Called Strike 0-1: Ball 1-1: Fly out, F9 (Flyball, 89D, EV 100.6 MPH)
|
|
Batting: RHB Jose Corral
|
0-0: Called Strike 0-1: Ball 1-1: Foul Ball, location: 2F 1-2: Ball 2-2: Ball 3-2: Foul Ball, location: 2F 3-2: DOUBLE (Flyball, 8LXD, EV 101.9 MPH)
|
|
Batting: LHB Eric Farren
|
0-0: Ball 1-0: Foul Ball, location: 2F 1-1: Foul Ball, location: 2F 1-2: Ball 2-2: Ball 3-2: Ground out U3 (Groundball, 3L, EV 103.8 MPH) Jose Corral to third
|
|
Batting: RHB Eddie Serna
|
0-0: Called Strike 0-1: Ball 1-1: Swinging Strike 1-2: Strikes out looking
|
| Top of the 4th over - 0 runs, 1 hit, 0 errors, 1 left on base; York 0 - Paris 2 |
| BOTTOM OF THE 4TH |
|
Paris Cubs batting - Pitching for York Revolution : RHP Lida Sestak
|
|
Batting: RHB Mike Stein
|
0-0: SINGLE (Groundball, 56D, EV 105.0 MPH)
|
|
Batting: RHB Steve Vint
|
0-0: Sac Bunt to P - play at first, batter OUT! 1-3 Mike Stein to second
|
|
Batting: RHB Jorge Gonzalez
|
0-0: Foul Ball, location: 2F 0-1: Ball 1-1: SINGLE (Groundball, 4MD, EV 95.6 MPH) (infield hit) Mike Stein to third
|
|
Batting: RHB Willie Rubio
|
0-0: Ball 1-0: Fly out, F4 (Popup, 34, EV 64.4 MPH)
|
|
Batting: SHB Jim Lloyd
|
0-0: Swinging Strike 0-1: Swinging Strike 0-2: Strikes out swinging
|
| Bottom of the 4th over - 0 runs, 2 hits, 0 errors, 2 left on base; York 0 - Paris 2 |
| TOP OF THE 5TH |
|
York Revolution batting - Pitching for Paris Cubs : LHP Noah Hornby
|
|
Batting: RHB Dave Gallegos
|
0-0: SINGLE (Line Drive, 34D, EV 98.1 MPH)
|
|
Batting: RHB Ivan Barrientos
|
0-0: Ball 1-0: Called Strike 1-1: Grounds into double play, 6-4-3 (Groundball, 6, EV 101.2 MPH)
|
|
Batting: RHB Joel Gomez
|
0-0: Ball 1-0: Hit by Pitch
|
|
Batting: RHB Alexis Graciani
|
0-0: Ball 1-0: Called Strike 1-1: Foul Ball, location: 2F 1-2: Hit by Pitch Joel Gomez to second
|
|
Pitching: LHP Jerry Tyson
|
|
|
Batting: LHB Jonathan Roman
|
0-0: Foul Ball, location: 2F 0-1: Ball 1-1: Called Strike 1-2: Ball 2-2: Ball 3-2: Fly out, F9 (Flyball, 9, EV 88.8 MPH)
|
| Top of the 5th over - 0 runs, 1 hit, 0 errors, 2 left on base; York 0 - Paris 2 |
| BOTTOM OF THE 5TH |
|
Paris Cubs batting - Pitching for York Revolution : RHP Lida Sestak
|
|
Batting: RHB Dave de Wolff
|
0-0: Ball 1-0: Called Strike 1-1: Foul Ball, location: 2F 1-2: Strikes out swinging
|
|
Batting: RHB Jorge Lagunas
|
0-0: Called Strike 0-1: Ball 1-1: Ball 2-1: Ball 3-1: Base on Balls
|
|
Batting: RHB Bartolo Aguilar
|
0-0: Called Strike 0-1: Ball Jorge Lagunas is caught stealing 2nd base 2-4 1-1: Swinging Strike 1-2: Strikes out swinging
|
| Bottom of the 5th over - 0 runs, 0 hits, 0 errors, 0 left on base; York 0 - Paris 2 |
| TOP OF THE 6TH |
|
York Revolution batting - Pitching for Paris Cubs : LHP Jerry Tyson
|
|
Batting: RHB Juan Valadez
|
0-0: Fly out, F9 (Line Drive, 89M, EV 101.2 MPH)
|
|
Batting: RHB Jose Corral
|
0-0: Called Strike 0-1: Ball 1-1: Foul Ball, location: 2F 1-2: Foul Ball, location: 2F 1-2: Foul Ball, location: 2F 1-2: Strikes out swinging, 2-3 out at first.
|
|
Batting: LHB Eric Farren
|
0-0: Ball 1-0: Foul Ball, location: 2F 1-1: Ground out 4-3 (Groundball, 4S, EV 91.9 MPH)
|
| Top of the 6th over - 0 runs, 0 hits, 0 errors, 0 left on base; York 0 - Paris 2 |
| BOTTOM OF THE 6TH |
|
Paris Cubs batting - Pitching for York Revolution : RHP Lida Sestak
|
|
Batting: RHB Dan Orozco
|
0-0: Ball 1-0: Ball 2-0: Foul Ball, location: 2F 2-1: Ground out 4-3 (Groundball, 4, EV 80.6 MPH)
|
|
Batting: RHB Mike Stein
|
0-0: Ball 1-0: Called Strike 1-1: Ball 2-1: Foul Ball, location: 2F 2-2: Strikes out swinging
|
|
Batting: RHB Steve Vint
|
0-0: Ground out 5-3 (Groundball, 56, EV 101.2 MPH)
|
| Bottom of the 6th over - 0 runs, 0 hits, 0 errors, 0 left on base; York 0 - Paris 2 |
| TOP OF THE 7TH |
|
York Revolution batting - Pitching for Paris Cubs : LHP Jerry Tyson
|
|
Pitching: RHP Brian Jarrett
|
|
|
Batting: RHB Eddie Serna
|
0-0: Called Strike 0-1: Swinging Strike 0-2: Ground out 4-3 (Groundball, 4M, EV 88.1 MPH)
|
|
Batting: RHB Dave Gallegos
|
0-0: Ball 1-0: Ball 2-0: Called Strike 2-1: Ground out 6-3 (Groundball, 6, EV 91.2 MPH)
|
|
Batting: RHB Ivan Barrientos
|
0-0: Ball 1-0: Swinging Strike 1-1: Ball 2-1: Ball 3-1: Foul Ball, location: 2F 3-2: Strikes out looking
|
| Top of the 7th over - 0 runs, 0 hits, 0 errors, 0 left on base; York 0 - Paris 2 |
| BOTTOM OF THE 7TH |
|
Paris Cubs batting - Pitching for York Revolution : RHP Lida Sestak
|
|
Batting: RHB Jorge Gonzalez
|
0-0: Ball 1-0: SINGLE (Groundball, 6, EV 99.4 MPH)
|
|
Batting: RHB Willie Rubio
|
0-0: Sac Bunt to 13 - play at first, batter OUT! 1-3 Jorge Gonzalez to second
|
|
Batting: SHB Jim Lloyd
|
0-0: Ball 1-0: Ground out 1-3 (Groundball, P, EV 66.9 MPH) Jorge Gonzalez to third
|
|
Batting: RHB Dave de Wolff
|
0-0: Called Strike 0-1: Ground out 5-3 (Groundball, 56S, EV 69.4 MPH)
|
| Bottom of the 7th over - 0 runs, 1 hit, 0 errors, 1 left on base; York 0 - Paris 2 |
| TOP OF THE 8TH |
|
York Revolution batting - Pitching for Paris Cubs : RHP Brian Jarrett
|
|
Batting: RHB Joel Gomez
|
0-0: Called Strike 0-1: Foul Ball, location: 2F 0-2: Strikes out swinging
|
|
Batting: RHB Victor Arias
|
0-0: Ball 1-0: Ball 2-0: Ball 3-0: Base on Balls
|
|
Batting: LHB Jonathan Roman
|
0-0: Ball 1-0: Ball 2-0: Fly out, F7 (Flyball, 78M, EV 87.5 MPH)
|
|
Batting: RHB Juan Valadez
|
0-0: Swinging Strike 0-1: Ball 1-1: Ball 2-1: Foul Ball, location: 2F 2-2: 2-RUN HOME RUN (Line Drive, 7LD, EV 99.4 MPH), Distance : 364 ft
|
|
Batting: RHB Jose Corral
|
0-0: Called Strike 0-1: Ball 1-1: Fly out, F8 (Flyball, 89M, EV 95.6 MPH)
|
| Top of the 8th over - 2 runs, 1 hit, 0 errors, 0 left on base; York 2 - Paris 2 |
| BOTTOM OF THE 8TH |
|
Paris Cubs batting - Pitching for York Revolution : RHP Lida Sestak
|
|
Batting: RHB Jorge Lagunas
|
0-0: Called Strike 0-1: Foul Ball, location: 2F 0-2: Foul Ball, location: 2F 0-2: Foul Ball, location: 2F 0-2: Strikes out looking
|
|
Pitching: LHP Ray Paul
|
|
|
Batting: RHB Bartolo Aguilar
|
0-0: Called Strike 0-1: Foul Ball, location: 2F 0-2: Strikes out swinging
|
|
Batting: RHB Dan Orozco
|
0-0: Foul Ball, location: 2F 0-1: Ball 1-1: Swinging Strike 1-2: Foul Ball, location: 2F 1-2: Ball 2-2: Strikes out swinging
|
| Bottom of the 8th over - 0 runs, 0 hits, 0 errors, 0 left on base; York 2 - Paris 2 |
| TOP OF THE 9TH |
|
York Revolution batting - Pitching for Paris Cubs : RHP Brian Jarrett
|
|
Batting: LHB Eric Farren
|
0-0: Swinging Strike 0-1: Ball 1-1: Ball 2-1: Ball 3-1: SINGLE (Groundball, 3D, EV 96.9 MPH)
|
|
Batting: RHB Eddie Serna
|
0-0: Called Strike 0-1: Swinging Strike 0-2: Ball 1-2: Foul Ball, location: 2F 1-2: Ball 2-2: Fly out, F8 (Flyball, 78M, EV 88.1 MPH)
|
|
Batting: RHB Dave Gallegos
|
0-0: Grounds into double play, 4-6-3 (Groundball, 4, EV 83.8 MPH)
|
| Top of the 9th over - 0 runs, 1 hit, 0 errors, 0 left on base; York 2 - Paris 2 |
| BOTTOM OF THE 9TH |
|
Paris Cubs batting - Pitching for York Revolution : LHP Ray Paul
|
|
Batting: RHB Mike Stein
|
0-0: Called Strike 0-1: Called Strike 0-2: Strikes out looking
|
|
Batting: RHB Steve Vint
|
0-0: Foul Ball, location: 2F 0-1: Ball 1-1: Foul Ball, location: 2F 1-2: Strikes out swinging
|
|
Batting: RHB Jorge Gonzalez
|
0-0: Ball 1-0: Foul Ball, location: 2F 1-1: Ground out 5-3 (Groundball, 5, EV 91.9 MPH)
|
| Bottom of the 9th over - 0 runs, 0 hits, 0 errors, 0 left on base; York 2 - Paris 2 |
| TOP OF THE 10TH |
|
York Revolution batting - Pitching for Paris Cubs : RHP Brian Jarrett
|
|
Pinch Hitting: SHB Dana Guthrie
|
0-0: Ball 1-0: Called Strike 1-1: Swinging Strike 1-2: Ball 2-2: Ball 3-2: Base on Balls
|
|
Batting: RHB Joel Gomez
|
0-0: Ball 1-0: Foul Ball, location: 2F 1-1: Called Strike 1-2: Ball 2-2: Foul Ball, location: 2F 2-2: 2-RUN HOME RUN (Flyball, 7LD, EV 95.6 MPH), Distance : 363 ft
|
|
Batting: RHB Victor Arias
|
0-0: Ball 1-0: Called Strike 1-1: Ball 2-1: SOLO HOME RUN (Flyball, 9LD, EV 93.1 MPH), Distance : 338 ft
|
|
Batting: LHB Jonathan Roman
|
0-0: Called Strike 0-1: Ball 1-1: Swinging Strike 1-2: Ball 2-2: Ground out 6-3 (Groundball, 6, EV 88.1 MPH)
|
|
Pitching: RHP Chris P. Shephard
|
|
|
Batting: RHB Juan Valadez
|
0-0: Ball 1-0: Ball 2-0: SOLO HOME RUN (Flyball, 7D, EV 103.8 MPH), Distance : 384 ft
|
|
Batting: RHB Jose Corral
|
0-0: Called Strike 0-1: Ball 1-1: Reached on error, E3 (Groundball, 13, EV 83.1 MPH)
|
|
Batting: LHB Eric Farren
|
0-0: Ball 1-0: Swinging Strike 1-1: Ball 2-1: Ball 3-1: Base on Balls Jose Corral to second
|
|
Batting: RHB Eddie Serna
|
0-0: Foul Ball, location: 2F 0-1: Foul Ball, location: 2F 0-2: Ball Wild Pitch! Jose Corral to third Eric Farren to second 1-2: Ground out 5-3 (Groundball, 56S, EV 84.4 MPH) Jose Corral scores
|
|
Batting: RHB Dave Gallegos
|
0-0: Called Strike 0-1: Ground out 5-3 (Groundball, 5S, EV 78.8 MPH)
|
| Top of the 10th over - 5 runs, 3 hits, 1 error, 1 left on base; York 7 - Paris 2 |
| BOTTOM OF THE 10TH |
|
Paris Cubs batting - Pitching for York Revolution : LHP Ray Paul
|
|
Now in RF: Steve DeRienzo
|
|
|
Batting: RHB Willie Rubio
|
0-0: Swinging Strike 0-1: Called Strike 0-2: Ball 1-2: Ball 2-2: Foul Ball, location: 2F 2-2: Ball 3-2: Foul Ball, location: 2F 3-2: Foul Ball, location: 2F 3-2: Strikes out swinging
|
|
Batting: SHB Jim Lloyd
|
0-0: Called Strike 0-1: Ball 1-1: Swinging Strike 1-2: Ball 2-2: Foul Ball, location: 2F 2-2: Ball 3-2: Foul Ball, location: 2F 3-2: Base on Balls
|
|
Batting: RHB Dave de Wolff
|
0-0: Swinging Strike 0-1: Foul Ball, location: 2F 0-2: Ball 1-2: Strikes out swinging
|
|
Pitching: RHP Dusty DuPont
|
|
|
Batting: RHB Jorge Lagunas
|
0-0: Called Strike 0-1: Foul Ball, location: 2F 0-2: Ball 1-2: Strikes out looking
|
| Bottom of the 10th over - 0 runs, 0 hits, 0 errors, 1 left on base; York 7 - Paris 2 |
|